 Dungeon Sprint DCSS version 0.25.0-1-g7eea58d2a3 (webtiles) character file.

Game seed: 16931033228753434304

181 LiquidNight the Thaumaturge (level 5, -6/38 HPs)
             Began as a Draconian Wizard on June 14, 2020.
             Was a Follower of Vehumet.
             Mangled by a vampire (7 damage)
             ... in the Dungeon (Sprint IX: "|||||||||||||||||||||||||||||").
             The game lasted 00:10:29 (814 turns).

LiquidNight the Thaumaturge (Draconian Wizard)       Turns: 814, Time: 00:10:31

Health: -6/38      AC:  6    Str:  9    XL:     5   Next: 34%
Magic:  7/15       EV: 14    Int: 26    God:    Vehumet [*.....]
Gold:   0          SH:  0    Dex:  9    Spells: 8/20 levels left

rFire    . . .     SeeInvis .   e - +4 quarterstaff (speed)
rCold    . . .     Gourm    .   (shield currently unavailable)
rNeg     . . .     Faith    .   (armour unavailable)
rPois    .         Spirit   .   a - +0 hat
rElec    .         Reflect  .   f - +0 cloak
rCorr    .         Harm     .   (no gloves)
MR       .....     NoTele   +   (no boots)
Stlth    ++........             (no amulet)
HPRegen  0.12/turn              g - +3 ring of intelligence
MPRegen  0.14/turn              h - +3 ring of intelligence

@: very slightly contaminated
A: unfitting armour, cold-blooded, AC +5
a: Renounce Religion


You were in the Dungeon.
You worshipped Vehumet.
Vehumet was aware of your devotion.
You were not hungry.

You visited 1 branch

Inventory:

Hand Weapons
 e - a +4 quarterstaff of speed (weapon)
Armour
 a - a +0 hat (worn)
 f - a +0 cloak (worn)
Magical Staves
 b - an uncursed staff of energy
Jewellery
 g - a +3 ring of intelligence (left hand)
 h - a +3 ring of intelligence (right hand)
Wands
 d - a wand of acid (7)
Scrolls
 i - 3 scrolls of remove curse
 j - 2 scrolls of amnesia
 k - a scroll of blinking
Potions
 l - a potion of magic
 m - a potion of invisibility
 n - 2 potions of heal wounds
 o - 4 potions of curing
Comestibles
 c - a ration


   Skills:
 + Level 5.1 Dodging
 - Level 1.8 Stealth
 * Level 8.0 Spellcasting
 + Level 5.2 Conjurations
 - Level 1.0 Summonings
 - Level 1.0 Translocations


You had 8 spell levels left.
You knew the following spells:

 Your Spells              Type           Power        Failure   Level  Hunger
a - Magic Dart            Conj           ####         1%          1    None
b - Call Imp              Summ           ###.....     5%          2    None
c - Conjure Flame         Conj/Fire      ###.....     6%          3    None
d - Mephitic Cloud        Conj/Pois/Air  ###.....     9%          3    None
e - Blink                 Tloc           N/A          5%          2    None
f - Foxfire               Conj/Fire      ###.         1%          1    None

Your spell library contained the following spells:

 Spells                   Type           Power        Failure   Level  Hunger
 Slow                     Hex            ##......     9%          2    None


Dungeon Overview and Level Annotations

Branches:
Dungeon (1/1)

Altars:
Cheibriados
Dithmenos
Elyvilon
Fedhas
Gozag
Hepliaklqana
Kikubaaqudgha
Makhleb
Nemelex Xobeh
Okawaru
Qazlal
Ru
Sif Muna
Trog
Uskayaw
Vehumet
Wu Jian
Xom
Yredelemnul
Zin
The Shining One
Beogh
Jiyva
Lugonu


Innate Abilities, Weirdness & Mutations

Your plain brown scales are hard. (AC +5)
You cannot fit into any form of body armour.
You are cold-blooded and may be slowed by cold attacks.


Message History

* * * LOW HITPOINT WARNING * * *
Something draws strength from your injuries!
Evoke which item? (* to show all) (? for menu, Esc to quit)
Aiming: Corrosive Bolt
Press: ? - help, Shift-Dir - straight line, f/p - worker ant
Aim: a worker ant (confused)
The bolt of acid hits the worker ant!
The worker ant is splashed with acid.
The acid corrodes the worker ant!
The worker ant is almost dead.
The bolt of acid hits the adder skeleton!
The adder skeleton is splashed with acid.
The acid corrodes the adder skeleton!
You destroy the adder skeleton!
Vehumet accepts your kill.
You feel your power returning.
Your Spellcasting skill increases to level 8!
The crimson imp blinks!
Something hits you!
* * * LOW HITPOINT WARNING * * *
Something bites you!
You die...

▓†▓
▓'▓
▓.▓
▓§▓
▓[▓
▓[▓
▓a▓
▓)▓
▓@▓
▓.▓
▓.▓
▓'▓
▓_▓
▓_▓
▓_▓
▓_▓
▓_▓


You could see a worker ant (confused, corroded).

Vanquished Creatures
  A phantom (D)
  A scorpion (D)
  A gnoll shaman (D)
  An adder (D)
  An adder skeleton (D)
  A ball python (D)
  2 giant cockroaches (D)
  A hobgoblin (D)
  A bat (D)
  2 frilled lizards (D)
12 creatures vanquished.

Vanquished Creatures (collateral kills)
  A quokka (D)
1 creature vanquished.

Grand Total: 13 creatures vanquished

Notes
Turn   | Place    | Note
-------+----------+-------------------------------------------
     0 | D        | LiquidNight the Draconian Wizard began the quest for the
                  | Orb.
     0 | D        | Reached XP level 1. HP: 14/14 MP: 4/4
    23 | D        | Reached skill level 4 in Spellcasting
   255 | D        | Noticed a phantom
   255 | D        | Noticed a gnoll shaman
   282 | D        | Killed a gnoll shaman
   282 | D        | Reached skill level 5 in Spellcasting
   282 | D        | Reached XP level 2. HP: 12/20 MP: 1/8
   282 | D        | Reached XP level 3. HP: 16/26 MP: 1/9
   312 | D        | HP: 1/26 [phantom (5)]
   320 | D        | Found a roughly hewn altar of Beogh.
   320 | D        | Found a snail-covered altar of Cheibriados.
   320 | D        | Found a shadowy altar of Dithmenos.
   320 | D        | Found a white marble altar of Elyvilon.
   320 | D        | Found a blossoming altar of Fedhas.
   320 | D        | Found an opulent altar of Gozag.
   370 | D        | Found a hazy altar of Hepliaklqana.
   371 | D        | Found a viscous altar of Jiyva.
   373 | D        | Found an ancient bone altar of Kikubaaqudgha.
   374 | D        | Found a corrupted altar of Lugonu.
   375 | D        | Found a burning altar of Makhleb.
   376 | D        | Found a sparkling altar of Nemelex Xobeh.
   377 | D        | Found an iron altar of Okawaru.
   378 | D        | Found a stormy altar of Qazlal.
   379 | D        | Found a sacrificial altar of Ru.
   380 | D        | Found a shimmering blue altar of Sif Muna.
   381 | D        | Found a bloodstained altar of Trog.
   382 | D        | Found a hide-covered altar of Uskayaw.
   383 | D        | Found a radiant altar of Vehumet.
   384 | D        | Found an ornate altar of the Wu Jian Council.
   385 | D        | Found a shimmering altar of Xom.
   386 | D        | Found a basalt altar of Yredelemnul.
   387 | D        | Found a glowing silver altar of Zin.
   388 | D        | Found a glowing golden altar of the Shining One.
   391 | D        | Became a worshipper of Vehumet
   485 | D        | Killed a phantom
   485 | D        | Reached skill level 7 in Spellcasting
   485 | D        | Reached XP level 4. HP: 6/33 MP: 5/13
   736 | D        | Learned a level 2 spell: Call Imp
   740 | D        | Learned a level 3 spell: Conjure Flame
   744 | D        | Learned a level 3 spell: Mephitic Cloud
   747 | D        | Learned a level 2 spell: Blink
   747 | D        | Noticed a vampire
   761 | D        | Reached * piety under Vehumet
   761 | D        | Offered knowledge of Foxfire by Vehumet.
   761 | D        | Reached skill level 5 in Dodging
   761 | D        | Reached skill level 5 in Conjurations
   761 | D        | Reached XP level 5. HP: 33/38 MP: 3/15
   766 | D        | Learned a level 1 spell: Foxfire
   814 | D        | Reached skill level 8 in Spellcasting
   814 | D        | HP: 1/38 [something (10)]
   814 | D        | Mangled by a vampire

Illustrated notes

Levels and vault maps discovered:
D:        linesprint [early_d, line_temple, items_1, d_10, items_2, lair_1,
          lair_end, items_3, orc_1, orc_end, items_4, d_15, swamp_1, shoals_1,
          snake_1, spider_1, d_20, vaults_1, items_5, swamp_end, shoals_end,
          snake_end, spider_end, vaults_end, d_27, items_6, zot_1, zot_end,
          crypt_end, forest_end, elf_end, slime_end, tomb_end, abyss_end,
          pan_hell_end]

Skill      XL: |  1  2  3  4  5 |
---------------+----------------+-----
Spellcasting   | 5 7 8 |  8.0
Dodging        | 3 4 5 |  5.1
Conjurations   | 2 4 5 |  5.2
Stealth        | |  1.8
Summonings     | |  1.0
Translocations | |  1.0

Action                   |  1- 3 |  4- 6 || total
-------------------------+-------+-------++-------
Melee: Unarmed           |    48 |       ||    48
       Tailslap          |     4 |     1 ||     5
       Quarterstaff      |       |    12 ||    12
 Cast: Magic Dart        |    40 |     5 ||    45
       Conjure Flame     |       |     3 ||     3
       Call Imp          |       |     2 ||     2
       Mephitic Cloud    |       |     2 ||     2
Evoke: Wand              |       |     3 ||     3
  Use: Potion            |     6 |     1 ||     7
       Scroll            |     1 |       ||     1
Armor: Skin              |    15 |     7 ||    22
Dodge: Dodged            |    39 |    16 ||    55
